 Dungeon Crawl Stone Soup version 0.32-a0-900-g30fb1b0edc (webtiles) character file.

Game seed: 14219233586406131284

1082 zazu2006 the Skirmisher (level 8, -4/58 HPs)
             Began as a Gnoll Wanderer on Apr 5, 2024.
             Slain by an ice beast (12 damage)
             ... on level 5 of the Dungeon.
             The game lasted 00:09:02 (4382 turns).

zazu2006 the Skirmisher (Gnoll Wanderer)            Turns: 4382, Time: 00:09:03

Health: -4/58      AC:  3    Str: 14    XL:     8   Next: 30%
Magic:  14/14      EV: 12    Int: 13    God:
Gold:   192        SH:  0    Dex: 15    Spells: 15/15 levels left

rFire   . . .        z - +6 hand axe of Johynili {drain, Str+5}
rCold   . . .        (no shield)
rNeg    . . .        i - +0 leather armour
rPois   +            (no helmet)
rElec   .            (no cloak)
rCorr   .            (no gloves)
SInv    .            (no boots)
Will    .....        v - amulet of the acrobat
Stlth   ++           j - ring of poison resistance
HPRegen 0.29/turn    (no ring)
MPRegen 0.14/turn

%: acrobat
@: no status effects
A: fangs 1, strong nose, distributed training
a: no special abilities


You were on level 5 of the Dungeon.
You visited 1 branch of the dungeon, and saw 5 of its levels.

You collected 218 gold pieces.
You spent 26 gold pieces at shops.

Inventory:

Hand Weapons
 a - a +0 shortbow
 c - a +0 dagger
 z - the +6 hand axe of Johynili (weapon) {drain, Str+5}
   (You took it off an orc priest on level 5 of the Dungeon)

   Str+5:     It affects your strength (+5).
Missiles
 b - 14 boomerangs (quivered)
Armour
 i - a +0 leather armour (worn)
Jewellery
 j - a ring of poison resistance (left hand)
 s - an amulet of magic regeneration
 v - an amulet of the acrobat (around neck)
Wands
 h - a wand of mindburst (6)
 y - a wand of charming (2)
Scrolls
 d - a scroll of blinking
 g - 2 scrolls of noise {unknown}
 k - a scroll of enchant armour {unknown}
 l - 5 scrolls of teleportation {unknown}
 m - a scroll of butterflies
 n - 3 scrolls of identify
 o - a scroll of immolation {unknown}
 p - 2 scrolls of fog {unknown}
 r - a scroll of enchant weapon {unknown}
 t - 2 scrolls of poison {unknown}
 x - a scroll of fear {unknown}
Potions
 e - a potion of brilliance {unknown}
 f - 2 potions of curing
 q - a potion of heal wounds
 u - a potion of haste {unknown}
 w - a potion of degeneration {unknown}


   Skills:
 + Level 3.2 Fighting
 + Level 3.2 Short Blades
 + Level 3.2 Long Blades
 + Level 3.2 Axes
 + Level 3.2 Maces & Flails
 + Level 3.2 Polearms
 + Level 3.2 Staves
 + Level 9.2 Ranged Weapons
 + Level 4.2 Throwing
 + Level 5.7 Armour
 + Level 4.2 Dodging
 + Level 3.2 Stealth
 + Level 3.2 Shields
 + Level 3.2 Unarmed Combat
 + Level 4.3 Spellcasting
 + Level 2.6 Conjurations
 + Level 2.6 Hexes
 + Level 2.6 Summonings
 + Level 2.6 Necromancy
 + Level 2.6 Translocations
 + Level 2.6 Fire Magic
 + Level 2.6 Ice Magic
 + Level 3.4 Air Magic
 + Level 2.6 Earth Magic
 + Level 2.6 Alchemy
 + Level 3.6 Invocations
 + Level 3.2 Evocations
 + Level 3.0 Shapeshifting


You had 15 spell levels left.
You didn't know any spells.
Your spell library contained the following spells:

 Spells                   Type           Power      Damage    Failure   Level
 Slow                     Hex            36%        N/A       9%          1
 Cigotuvi's Dreadful Rot  Necr/Alch/Air  20%        N/A       11%         2
 Static Discharge         Conj/Air       20%        3-4/arc   11%         2
 Lesser Beckoning         Tloc           18%        N/A       12%         2
 Confusing Touch          Hex            9%         N/A       24%         3
 Hailstorm                Conj/Ice       9%         3d6       24%         3
 Maxwell's Portable Pile  Tloc           9%         2d(6-16)  24%         3
 Summon Ice Beast         Ice/Summ       9%         N/A       24%         3
 Teleport Other           Tloc           9%         N/A       24%         3
 Vampiric Draining        Necr           9%         2d6       24%         3
 Permafrost Eruption      Ice/Erth       4%         2x4d2     100%        6
 Sculpt Simulacrum        Ice/Alch       4%         N/A       100%        6


Dungeon Overview and Level Annotations

Branches:
Dungeon (5/15)
 Temple: D:4-7

Altars:

Shops:
D:2 !*=


Innate Abilities, Weirdness & Mutations

You have very sharp teeth.
Your uncanny sense of smell can sniff out nearby items.
Your experience applies equally to all skills.


Message History

Aim: an ice beast (heavily wounded, 64% to hit)
You shoot an arrow. The arrow barely misses the ice beast.
The ice beast hits you. The ice beast freezes you!
Unknown command.
Unknown command.
Fire: a) +0 shortbow
Press: ? - help, Q - select action, (/) - cycle Shift-Dir - straight line, f/p - ice beast
Aim: an ice beast (heavily wounded, 64% to hit)
You shoot an arrow. The arrow hits the ice beast.
The ice beast is severely wounded.
The ice beast hits you. The ice beast freezes you!
Fire: a) +0 shortbow
Press: ? - help, Q - select action, (/) - cycle Shift-Dir - straight line, f/p - ice beast
Aim: an ice beast (severely wounded, 64% to hit)
You shoot an arrow. The arrow closely misses the ice beast.
The ice beast hits you but does no damage.
Fire: a) +0 shortbow
Press: ? - help, Q - select action, (/) - cycle Shift-Dir - straight line, f/p - ice beast
Aim: an ice beast (severely wounded, 64% to hit)
You shoot an arrow. The arrow hits the ice beast.
The ice beast is severely wounded.
The ice beast hits you. The ice beast freezes you!
You feel stronger.
You sense an unholy aura.
z - the +6 hand axe of Johynili (weapon)
{drain, Str+5} You closely miss the ice beast.
The ice beast is severely wounded.
The ice beast barely misses you.
You hit the ice beast but do no damage.
The ice beast is severely wounded.
The ice beast hits you.
* * * LOW HITPOINT WARNING * * *
The ice beast freezes you!
* * * LOW HITPOINT WARNING * * *
You hit the ice beast.
The ice beast is almost dead.
The ice beast hits you.
* * * LOW HITPOINT WARNING * * *
The ice beast freezes you!
You die...

#.# ##### #.# # #.# #.#.# #.#
##########.#.# #.#
######.............
#.####....†......###...#
#.##.....##.###.......##
#######.##.....##.# #.......#
#.......#.........###.......##
#.#######....@.##.............
####)##### #....Y.##.###.......##
.........###.##.##.....#.....÷.##
####.###......#. #.....#.........
#.# #####...........##.#..###.
#^# ..#...........##.# #. #.#
..####.....### #.# #. #.. #..>
####### #..... ### #..#. ######


You could see an ice beast.

Vanquished Creatures
  Sigmund (D:5)
  Menkaure (D:5)
  A black bear (D:4)
  2 phantoms (D:4)
  A scorpion (D:4)
  5 hounds
  A jelly (D:5)
  3 bombardier beetles
  An orc priest (D:5)
  Jessica (D:3)
  An orc wizard (D:5)
  Ijyb (D:3)
  3 adders
  A shadow imp (D:5)
  4 dart slugs
  2 ribbon worms
  6 orcs
  4 ball pythons
  6 bats
  11 endoplasms
  2 giant cockroaches
  4 goblins
  4 hobgoblins
  7 jackals (D:1)
  4 quokkas
  2 frilled lizards
  7 kobolds
  5 rats
91 creatures vanquished.

Notes
Turn   | Place    | Note
-------+----------+-------------------------------------------
     0 | D:1      | zazu2006 the Gnoll Wanderer began the quest for the Orb.
     0 | D:1      | zazu2006 set off with the following items: a +0 shortbow, 8
                  | boomerangs, a +0 dagger, a scroll of blinking, a +0 robe;
                  | and the following spells available to memorise: Static
                  | Discharge, Cigotuvi's Dreadful Rot.
     0 | D:1      | Reached XP level 1. HP: 13/13 MP: 4/4
    26 | D:1      | Reached XP level 2. HP: 10/19 MP: 5/5
   320 | D:1      | Reached XP level 3. HP: 25/25 MP: 7/7
   396 | D:1      | Reached skill level 1 in Invocations
   860 | D:2      | Reached skill level 1 in Fighting
   860 | D:2      | Reached skill level 1 in Short Blades
   860 | D:2      | Reached skill level 1 in Long Blades
   860 | D:2      | Reached skill level 1 in Axes
   860 | D:2      | Reached skill level 1 in Maces & Flails
   860 | D:2      | Reached skill level 1 in Polearms
   860 | D:2      | Reached skill level 1 in Staves
   860 | D:2      | Reached skill level 1 in Stealth
   860 | D:2      | Reached skill level 1 in Shields
   860 | D:2      | Reached skill level 1 in Unarmed Combat
   860 | D:2      | Reached skill level 1 in Evocations
   883 | D:2      | Found Puijutz's Jewellery Shop.
  1037 | D:2      | Found Taojie's General Store.
  1042 | D:2      | Bought a scroll of identify for 26 gold pieces
  1179 | D:2      | Found Metse's Distillery.
  1278 | D:2      | Reached skill level 1 in Shapeshifting
  1278 | D:2      | Reached XP level 4. HP: 32/32 MP: 8/8
  1645 | D:3      | Reached skill level 1 in Conjurations
  1645 | D:3      | Reached skill level 1 in Hexes
  1645 | D:3      | Reached skill level 1 in Summonings
  1645 | D:3      | Reached skill level 1 in Necromancy
  1645 | D:3      | Reached skill level 1 in Translocations
  1645 | D:3      | Reached skill level 1 in Fire Magic
  1645 | D:3      | Reached skill level 1 in Ice Magic
  1645 | D:3      | Reached skill level 1 in Earth Magic
  1645 | D:3      | Reached skill level 1 in Alchemy
  1703 | D:3      | Noticed Jessica
  1705 | D:3      | Killed Jessica
  1797 | D:3      | Reached XP level 5. HP: 37/37 MP: 9/9
  2203 | D:3      | Noticed Ijyb
  2225 | D:3      | Killed Ijyb
  2736 | D:4      | Noticed a black bear
  2947 | D:4      | Reached XP level 6. HP: 26/44 MP: 9/11
  3177 | D:4      | Reached skill level 5 in Armour
  3356 | D:4      | Killed a black bear
  3357 | D:4      | Reached XP level 7. HP: 48/50 MP: 12/12
  3717 | D:4      | Reached skill level 9 in Ranged Weapons
  4073 | D:5      | Entered Level 5 of the Dungeon
  4081 | D:5      | Noticed Menkaure
  4088 | D:5      | Killed Menkaure
  4161 | D:5      | Reached XP level 8. HP: 44/58 MP: 14/14
  4229 | D:5      | Noticed Sigmund
  4240 | D:5      | Identified the +6 hand axe of Johynili {drain, Str+5}
  4244 | D:5      | Killed Sigmund
  4382 | D:5      | Slain by an ice beast

Illustrated notes

Levels and vault maps discovered:
D:1:      tarquinn_simple_flora_water_b, layout_basic, minmay_bisected
D:2:      kennysheep_big_flooded_room, layout_basic, serial_shops,
          nicolae_shop_back_alley_shop, shop, shop_statue
D:3:      layout_basic, uniq_ijyb, uniq_jessica
D:4:      layout_basic, due_unseen_surprise
D:5:      layout_loops_ring, nicolae_wu_jian_immortal_techniques, minmay_bent,
          uniq_sigmund, uniq_menkaure

Skill      XL: |  1  2  3  4  5  6  7  8 |
---------------+-------------------------+-----
Air Magic      | 2 3 |  3.4
Invocations    | 1 2 3 |  3.6
Fighting       | 1 2 3 |  3.2
Short Blades   | 1 2 3 |  3.2
Long Blades    | 1 2 3 |  3.2
Axes           | 1 2 3 |  3.2
Maces & Flails | 1 2 3 |  3.2
Polearms       | 1 2 3 |  3.2
Staves         | 1 2 3 |  3.2
Stealth        | 1 2 3 |  3.2
Shields        | 1 2 3 |  3.2
Unarmed Combat | 1 2 3 |  3.2
Evocations     | 1 2 3 |  3.2
Shapeshifting  | 1 2 3 |  3.0
Spellcasting   | 3 4 |  4.3
Conjurations   | 1 2 |  2.6
Hexes          | 1 2 |  2.6
Summonings     | 1 2 |  2.6
Necromancy     | 1 2 |  2.6
Translocations | 1 2 |  2.6
Fire Magic     | 1 2 |  2.6
Ice Magic      | 1 2 |  2.6
Earth Magic    | 1 2 |  2.6
Alchemy        | 1 2 |  2.6
Throwing       | 3 4 |  4.2
Dodging        | 3 4 |  4.2
Armour         | 5 |  5.7
Ranged Weapons | 9 |  9.2

Action                     |  1- 3 |  4- 6 |  7- 9 || total
---------------------------+-------+-------+-------++-------
  Melee: Hand axe          |       |       |     3 ||     3
   Fire: Shortbow          |    77 |   164 |   140 ||   381
  Throw: Boomerang         |    43 |       |       ||    43
  Evoke: Wand              |       |     2 |       ||     2
    Use: Scroll            |     1 |       |       ||     1
         Potion            |       |     5 |       ||     5
 Armour: Robe              |    18 |       |       ||    18
         Leather armour    |     1 |    59 |    44 ||   104
         Skin              |       |     7 |       ||     7
  Dodge: Dodged            |    27 |    54 |    38 ||   119

Table legend: (Time is in decaauts)
 A = Elapsed time spent in this place.
 B = Non-inter-level travel time spent in this place.
 C = Inter-level travel time spent in this place.
 D = Time resting spent in this place.
 E = Time spent auto-exploring this place.
 F = Levels seen in this place.
 G = Mean time per level.
                   A        B        C        D        E       F      G
               +--------+--------+--------+--------+--------+-----+--------+
         Total |   4389 |   4294 |     95 |     29 |   3592 |   5 |  877.8 |
       Dungeon |   4389 |   4294 |     95 |     29 |   3592 |   5 |  877.8 |
               +--------+--------+--------+--------+--------+-----+--------+

Top non-repeatable levels by time:
     D:4: 1302 daAuts
     D:3: 1148 daAuts
     D:1: 830 daAuts
     D:2: 801 daAuts
     D:5: 307 daAuts
